[Event "Open Nuevo Centro. Jornada 2"]
[Site "Chess.com"]
[Date "2020.06.26"]
[Round "9"]
[White "Zakharash, Georgii"]
[Black "Morata Briones, Carlos"]
[Result "1-0"]
[WhiteElo "1079"]
[BlackElo "873"]
[TimeControl "180+2"]
[EndTime "12:08:52 PDT"]
[Termination "Victoria de georgiizakharash por jaque mate"]

1. c4 e5 2. Nc3 Qh4 3. Nf3 Qxc4 4.
Nxe5 Qe6 5. Nf3 c6 6. e4 Bc5 7. d4 Bb4 8. e5 f6 9. Be2 fxe5 10. Nxe5 Nf6 11. O-O O-O 12. Re1 d5 13. Bf4 Ne4 14. Qc2 Nxc3 15. bxc3 Bd6 16. Nd3 Bxf4 17. Nxf4 Rxf4 18.
Ba6 bxa6 19. Rxe6 Bxe6 20. Re1 Rf6 21. Qe2 Kf7 22. Qh5+ g6 23. Qxh7+ Ke8 24. Qg8+ Rf8 25. Qxe6+ Kd8 26. Qd6+ Kc8 27. Qxf8+ Kb7 28. a4 a5 29. Re7+ Kb6 30. Qc8 a6 31. Qc7# 1

[Event "Open Nuevo Centro. Jornada 2"]
[Site "Chess.com"]
[Date "2020.06.26"]
[Round "9"]
[White "Lopez Mateo, Juan Carlos"]
[Black "Silva Rodriguez, Fernando"]
[Result "0-1"]
[WhiteElo "2004"]
[BlackElo "2464"]
[TimeControl "180+2"]
[EndTime "12:09:03 PDT"]
[Termination "Victoria de HarnFer por tiempo"]

1. e4 d5 2. Nf3 dxe4 3. Ng5 Bf5 4. Nc3 Nf6 5. Bc4 e6 6. Qe2 Nc6 7. Bb5 Qd4 8. f3 exf3 9. Bxc6+ bxc6 10. Nxf3 Qd7 11.
Ne5 Qd6 12. d3 Nd5 13. Bd2 Be7 14. O-O-O O-O 15. g4 Bg6 16. h4 h6 17. Nxg6 fxg6 18. h5 g5 19. Ne4 Qe5 20. Kb1 Rab8 21. c3 Nf4 22. Qe3 Qb5 23. Bc1 Nd5 24. Qd4 Bf6 25.
Nxf6+ Rxf6 26. Rhf1 Nf4 27. b3 Ne2 0

[Event "Open Nuevo Centro. Jornada 2"]
[Site "Chess.com"]
[Date "2020.06.26"]
[Round "9"]
[White "Camison Zornoza, Cesar"]
[Black "Conejero Martínez, Víctor"]
[Result "1-0"]
[WhiteElo "1719"]
[BlackElo "1460"]
[TimeControl "180+2"]
[EndTime "12:09:11 PDT"]
[Termination "Victoria de cczchess por tiempo"]

1. e4 c5 2. d4 cxd4 3. c3 dxc3 4. Nxc3 Nc6 5. Nf3 d6 6. Bc4 Bg4 7. Bxf7+ Kxf7 8. Ng5+ Ke8 9. Qxg4 Nf6 10. Qe6 Qd7 11.
Qf7+ Kd8 12. Ne6+ Kc8 13. Nxf8 Qg4 14. Qe6+ Kc7 15. Qxg4 Nxg4 16. Nd5+ Kd8 17. Ne6+ Kd7 18. Nxg7 Rhf8 19. O-O e6 20. Ne3 Nf6 21. Rd1 Nxe4 22. Ng4 Rg8 23. f3 Rxg7 24. h3 Ng3 25. Bf4 Nh5 26.
Bxd6 1

[Event "Open Nuevo Centro. Jornada 2"]
[Site "Chess.com"]
[Date "2020.06.26"]
[Round "9"]
[White "Crevillen Abad, Clemente"]
[Black "Gracia Calvo, Andrés"]
[Result "0-1"]
[WhiteElo "1737"]
[BlackElo "1819"]
[TimeControl "180+2"]
[EndTime "12:09:12 PDT"]
[Termination "Victoria de andresjaque21 por tiempo"]

1. e4 d5 2. exd5 Qxd5 3. Nc3 Qd6 4. Bc4 Nf6 5. d4 Bg4 6. Nge2 e6 7. O-O c6 8. Bf4 Qd8 9. f3 Bh5 10. Re1 Bd6 11. Bg3 O-O 12. Nf4 Bg6 13. Nxg6 hxg6 14. Bxd6 Qxd6 15. Ne2 Rd8 16. c3 Nbd7 17. Qc2 Nb6 18. Bb3 Nbd5 19. c4 Nf4 20. Rad1 Nxe2+ 21. Qxe2 Qf4 22. Qe4 Qxe4 23. fxe4 Rd7 24. d5 Rad8 25.
dxe6 fxe6 26. Rxd7 Rxd7 27. e5 Ng4 28. h3 Nh6 29. Rd1 Rxd1+ 30. Bxd1 Nf7 31. Bg4 Nxe5 32. Bxe6+ Kf8 33. Kf2 Ke7 34. Bg8 Nd3+ 35. Ke3 Nxb2 0

[Event "Open Nuevo Centro. Jornada 2"]
[Site "Chess.com"]
[Date "2020.06.26"]
[Round "9"]
[White "Bosch Jordà, Ricard"]
[Black "Cebolla Ruiz, David"]
[Result "1-0"]
[WhiteElo "1759"]
[BlackElo "1546"]
[TimeControl "180+2"]
[EndTime "12:09:19 PDT"]
[Termination "Victoria de UltimateLimo por jaque mate"]

1. e4 c6 2. d4 d5 3. exd5 cxd5 4. Bd3 Nf6 5. c3 Nc6 6. h3 e6 7. Nf3 Bd6 8. O-O O-O 9. Bg5 Be7 10. Nbd2 h6 11. Bh4 Qc7 12. Re1 b6 13. Ne5 Nxe5 14. Rxe5 Bd6 15. Bxf6 gxf6 16. Rh5 Bf4 17. Nf1 e5 18.
dxe5 fxe5 19. Bc2 e4 20. Qxd5 Qd6 21. Qxe4 Be6 22. Qh7# 1

[Event "Open Nuevo Centro. Jornada 2"]
[Site "Chess.com"]
[Date "2020.06.26"]
[Round "9"]
[White "Aymerich Rosell, Pablo"]
[Black "Chernikov, Vladimir"]
[Result "1-0"]
[WhiteElo "2011"]
[BlackElo "2257"]
[TimeControl "180+2"]
[EndTime "12:09:26 PDT"]
[Termination "Victoria de jasikevic por tiempo"]

1. e4 c5 2. Nf3 Nc6 3. d4 cxd4 4. Nxd4 e5 5. Nb5 d6 6. N1c3 a6 7. Na3 Be7 8. Be3 Nf6 9. Nc4 b5 10. Nb6 Rb8 11. Nxc8 Rxc8 12. Be2 b4 13. Nd5 Nxe4 14. O-O O-O 15. a4 a5 16. Bb5 Nc5 17. Qe2 f5 18.
Rfd1 Ne6 19. Nb6 Ncd4 20. Bxd4 Nxd4 21. Rxd4 Qxb6 22. Rc4 f4 23. Kh1 f3 24. gxf3 1

[Event "Open Nuevo Centro. Jornada 2"]
[Site "Chess.com"]
[Date "2020.06.26"]
[Round "9"]
[White "Cinà Asensio, Luca "]
[Black "Alvarez Usina, Joan"]
[Result "0-1"]
[WhiteElo "591"]
[BlackElo "692"]
[TimeControl "180+2"]
[EndTime "12:09:35 PDT"]
[Termination "Victoria de Joan_alvarez por abandono"]

1. e4 e5 2. Nf3 Nc6 3. Bc4 Bc5 4. d3 d6 5. Ng5 Nh6 6. Nf3 a6 7. Bxh6 gxh6 8. Qc1 b5 9. Qxh6 Nd4 10. Nxd4 Bxd4 11.
Qg7 Rf8 12. Bd5 Rb8 13. O-O Bxb2 14. Nd2 Bxa1 15. Rxa1 Qe7 16. Qxh7 Be6 17. Bc6+ Kd8 18. Qh5 Bd7 19. Nf1 Bxc6 20. Qh3 Rg8 21. Qh7 Qg5 22.
g3 d5 23. exd5 Bxd5 24. c4 bxc4 25. dxc4 Bxc4 26. Rc1 Bxa2 27. Rc2 Bb1 28. Rb2 Rxb2 29. Ne3 Bxh7 30. Nc4 Qc1+ 31. Kg2 Qxc4 32. Kf3 Rb3+ 0

[Event "Open Nuevo Centro. Jornada 2"]
[Site "Chess.com"]
[Date "2020.06.26"]
[Round "9"]
[White "Ainsa Jimenez, Lucas"]
[Black "Martínez Cuenca, Jose Andrés"]
[Result "1-0"]
[WhiteElo "999"]
[BlackElo "1062"]
[TimeControl "180+2"]
[EndTime "12:09:36 PDT"]
[Termination "Victoria de ainsaluck por tiempo"]

1. e4 c5 2. Nf3 g6 3. Nc3 Bg7 4. d3 Nc6 5. Be2 Nf6 6. O-O d6 7. Bg5 O-O 8. Bxf6 Bxf6 9. Nb1 Bxb2 10. Nc3 Bxc3 11. Rb1 Nd4 12. Nxd4 Bxd4 13. Rc1 Bb2 14. Rb1 Bc3 15. Rb3 Bd4 16. c3 Be5 17. d4 cxd4 18. cxd4 Bf6 19. Rd3 e5 20. dxe5 Bxe5 21. Qb3 Be6 22. Qc2 Rc8 23. Qb1 Qa5 24. a3 1

[Event "Open Nuevo Centro. Jornada 2"]
[Site "Chess.com"]
[Date "2020.06.26"]
[Round "9"]
[White "Zamora Soler, Raul"]
[Black "Giaccio González, Alfredo Gustavo"]
[Result "0-1"]
[WhiteElo "1799"]
[BlackElo "2348"]
[TimeControl "180+2"]
[EndTime "12:09:39 PDT"]
[Termination "Victoria de AGG2020 por jaque mate"]

1. e4 c5 2. Nf3 a6 3. d4 cxd4 4. Nxd4 Nf6 5. f3 e5 6. Nb3 d6 7. c4 Be7 8. Nc3 O-O 9. Be3 Be6 10. Qd2 Nbd7 11. Rc1 Rc8 12. Nd5 Bxd5 13. cxd5 h6 14. Bd3 Nh7 15. O-O Bg5 16. Rxc8 Qxc8 17. Bxg5 Nxg5 18.
Rc1 Qd8 19. Qa5 Qf6 20. Qc7 Qf4 21. Qb6 Nf6 22. Qf2 Nh5 23. Be2 Qf6 24. Na5 Nf4 25. Bf1 Qe7 26. b4 Qd7 27. a3 Rc8 28. Rxc8+ Qxc8 29.
Qd2 Qc7 30. g3 Nxf3+ 31. Kf2 Nxd2 32. Bd3 Nxd3+ 33. Ke3 Qc3 34. Nxb7 Nc4+ 35. Ke2 Qd2+ 36. Kf3 Qf2+ 37. Kg4 Ne3+ 38. Kh3 Qg2+ 39. Kh4 Qxh2# 0

[Event "Open Nuevo Centro. Jornada 2"]
[Site "Chess.com"]
[Date "2020.06.26"]
[Round "9"]
[White "Sanchez Saez, Francisco"]
[Black "Pallardo Lozoya, Jose Vicente"]
[Result "0-1"]
[WhiteElo "2263"]
[BlackElo "2249"]
[TimeControl "180+2"]
[EndTime "12:09:50 PDT"]
[Termination "Victoria de PallardoChess por abandono"]

1. Nf3 d5 2. b3 Bg4 3. e3 Nd7 4. h3 Bh5 5. Bb2 Ngf6 6. d3 c6 7. g4 Bg6 8. Nh4 e5 9. Bg2 Bd6 10. Nd2 Qe7 11. a4 O-O 12. Nf5 Bxf5 13. gxf5 e4 14. d4 h6 15. h4 Nh7 16. Qe2 Qf6 17.
O-O-O b5 18. a5 Bb4 19. Qg4 Bxa5 20. Rhg1 Kh8 21. Qg3 Rfc8 22. Nxe4 dxe4 23. d5 Bc3 24. Bxc3 Qxc3 25. Rd4 Qa1+ 26. Kd2 Qxg1 27. f6 Ndxf6 28. Bxe4 Qxg3 0

[Event "Open Nuevo Centro. Jornada 2"]
[Site "Chess.com"]
[Date "2020.06.26"]
[Round "9"]
[White "Birnoveanu, Petru"]
[Black "Deusa Ballesteros, Lucas "]
[Result "0-1"]
[WhiteElo "1672"]
[BlackElo "1489"]
[TimeControl "180+2"]
[EndTime "12:09:53 PDT"]
[Termination "Victoria de facundillo2009 por abandono"]

1. e4 e6 2. Nf3 d5 3. Nc3 Nf6 4. e5 Nfd7 5. d4 c5 6. Ne2 Nc6 7. c3 Be7 8. g3 O-O 9. Bg2 a6 10. a3 b5 11. Be3 c4 12. O-O a5 13. Rb1 b4 14. axb4 axb4 15. Ne1 bxc3 16. bxc3 Na5 17.
f4 Nb3 18. Nc1 Nxc1 19. Qxc1 Ba3 20. Qc2 Be7 21. Nf3 g6 22. h4 h5 23. Ng5 Bxg5 24.
fxg5 Qa5 25. Bh3 Qa2 26. Rb2 Qa4 27. Rf6 Qxc2 28. Rxc2 Nxf6 29. gxf6 Ra1+ 30. Kh2 Bd7 31. g4 hxg4 32. Bxg4 Rfa8 33. h5 gxh5 34. Bxh5 R1a2 35. Rxa2 Rxa2+ 36. Kg3 Rc2 0

[Event "Open Nuevo Centro. Jornada 2"]
[Site "Chess.com"]
[Date "2020.06.26"]
[Round "9"]
[White "Sanchis Bon, Sergi"]
[Black "Colomer Martinez, Isabel"]
[Result "0-1"]
[WhiteElo "943"]
[BlackElo "1274"]
[TimeControl "180+2"]
[EndTime "12:10:00 PDT"]
[Termination "Victoria de jupiter555 por tiempo"]

1. e4 e5 2. Qf3 Nf6 3. g4 Bc5 4. g5 Ng8 5. Bc4 f6 6. Qh5+ g6 7. Qe2 fxg5 8. Qf3 Nh6 9. h4 Rf8 10. Qc3 Bxf2+ 11. Kd1 Nc6 12. b4 d6 13. b5 Nd4 14.
Ba3 gxh4 15. Nh3 Rf3 16. d3 Bxh3 17. Nd2 Bg4 18. Nxf3 Bxf3+ 19. Kd2 Bxh1 20. Rxh1 Qg5+ 21.
Kd1 Qg4+ 22. Kc1 Ne2+ 23. Kb2 Nxc3 24. Kxc3 O-O-O 25. Rb1 Bd4+ 26. Kb3 d5 0

[Event "Open Nuevo Centro. Jornada 2"]
[Site "Chess.com"]
[Date "2020.06.26"]
[Round "9"]
[White "Gimeno Higueras, Roberto"]
[Black "Macias Pino, Diego"]
[Result "1-0"]
[WhiteElo "2033"]
[BlackElo "2186"]
[TimeControl "180+2"]
[EndTime "12:10:02 PDT"]
[Termination "Victoria de Chicogrande2 por abandono"]

1. e4 c6 2. Nc3 d5 3. exd5 cxd5 4. d4 Nc6 5. h3 Bf5 6. Nf3 e6 7. Bd3 Bg6 8. O-O a6 9. Re1 Nf6 10. Bg5 Be7 11. Ne5 Nxe5 12. dxe5 Nd7 13. Bd2 Bc5 14. Qf3 Qc7 15. Bf4 b5 16. Nxd5 exd5 17. e6 Qc6 18. exd7+ Kxd7 19. Qg4+ Kd8 20. Re2 Qd7 21. Qf3 Kc8 22.
a4 b4 23. Rd1 Rd8 24. Bc4 Be4 25. Rxe4 dxe4 26. Rxd7 exf3 27. Rc7+ Kb8 28. Rxc5+ Ka7 29. Be3 Kb8 30. a5 fxg2 31. Bd5 Ra7 32. Bf4+ 1

[Event "Open Nuevo Centro. Jornada 2"]
[Site "Chess.com"]
[Date "2020.06.26"]
[Round "9"]
[White "Martinez Hernandez, Paula"]
[Black "Amorós Pérez, Manuel David"]
[Result "1-0"]
[WhiteElo "2016"]
[BlackElo "1656"]
[TimeControl "180+2"]
[EndTime "12:10:04 PDT"]
[Termination "Victoria de pauliximartinez por abandono"]

1. e4 d5 2. exd5 Qxd5 3. Nc3 Qd8 4. d4 Bf5 5. Bf4 e6 6. Bc4 c6 7. Nf3 Bd6 8. Bxd6 Qxd6 9. Qd2 Nf6 10. O-O-O Nbd7 11. Rhe1 O-O 12. h3 Nb6 13. Bd3 Bxd3 14. Qxd3 Nbd5 15.
Nxd5 cxd5 16. Ne5 Nd7 17. f4 Nxe5 18. fxe5 Qc6 19. Re3 Rac8 20. Rd2 Qc4 21. c3 b5 22. Qe2 b4 23. Qg4 bxc3 24. bxc3 Qf1+ 25. Rd1 Qc4 26. Rd2 Qf1+ 27. Kc2 Qc4 28. Kd1 Rb8 29. Rc2 Rb1+ 30. Kd2 Qf1 31. Qe2 Qxe2+ 32. Kxe2 Rfb8 33. Kd2 R8b2 34. c4 dxc4 35. Rc3 Rxc2+ 36. Rxc2 Rb4 37. Kc3 a5 38. a3 Ra4 39. Kb2 f6 40. g4 fxe5 41. dxe5 Kf7 42. Rf2+ Ke7 43. Rf3 h6 44. Rc3 Kd7 45.
Kc2 Ke7 46. Kd2 Kd7 47. Ke3 Ke7 48. Kd4 Kd7 49. Kc5 Kc7 50. Kb5 Rxa3 51. Rxa3 1

[Event "Open Nuevo Centro. Jornada 2"]
[Site "Chess.com"]
[Date "2020.06.26"]
[Round "9"]
[White "Yuste Valenzuela, Alejandro"]
[Black "Roca Cruz, Rafael"]
[Result "1-0"]
[WhiteElo "1842"]
[BlackElo "1702"]
[TimeControl "180+2"]
[EndTime "12:10:09 PDT"]
[Termination "Victoria de alejandrito290 por tiempo"]

1. e4 c5 2. Nf3 e6 3. d4 cxd4 4. Nxd4 Nf6 5. Bd3 Nc6 6. Nxc6 dxc6 7. O-O e5 8. f4 Bc5+ 9. Kh1 Ng4 10. Qe2 Nxh2 11. g3 Nxf1 12. Qxf1 O-O 13. Nc3 Qf6 14. Kg2 Qh6 15. f5 Be3 16. Bxe3 Qxe3 17. Re1 Qb6 18. Qf3 Qxb2 19. Ne2 Qb4 20. Rh1 Qe7 21. Qh5 h6 22. Rh4 Qg5 23. Qf3 Qe7 24. g4 f6 25. Qh3 Rf7 26. Bc4 1

[Event "Open Nuevo Centro. Jornada 2"]
[Site "Chess.com"]
[Date "2020.06.26"]
[Round "9"]
[White "Yeste Campos, Manuel"]
[Black "Valero Martinez, Óscar"]
[Result "0-1"]
[WhiteElo "915"]
[BlackElo "1190"]
[TimeControl "180+2"]
[EndTime "12:10:14 PDT"]
[Termination "Victoria de Oscar12000 por tiempo"]

1. e4 e5 2. Nf3 Nc6 3. Bb5 Nf6 4. O-O Bc5 5. Re1 Ng4 6. Rf1 O-O 7. h3 Bxf2+ 8. Rxf2 Nxf2 9. Kxf2 Nb4 10. d4 Qf6 11. dxe5 Qg6 12. Bxd7 Qxe4 13. Bxc8 Raxc8 14. Ng5 Qxc2+ 15. Qxc2 Nxc2 16. Bf4 Nxa1 17. Nc3 Rcd8 18. Ke1 Nc2+ 19.
Ke2 Nd4+ 20. Ke3 Nf5+ 21. Ke4 Ne7 22. e6 fxe6 23. Nxe6 Rxf4+ 24. Kxf4 Rd2 25. b3 Rxg2 26.
Nxc7 Rf2+ 27. Ke3 Rc2 28. Kd3 Rc1 29. Kd2 Rh1 30. N3d5 Nxd5 0

[Event "Open Nuevo Centro. Jornada 2"]
[Site "Chess.com"]
[Date "2020.06.26"]
[Round "9"]
[White "Rodriguez Rodriguez, Joan David "]
[Black "Gómez Alonso, Óscar"]
[Result "0-1"]
[WhiteElo "1597"]
[BlackElo "1847"]
[TimeControl "180+2"]
[EndTime "12:10:18 PDT"]
[Termination "Victoria de osgo78 por tiempo"]

1. d4 Nf6 2. c4 e6 3. Nc3 c5 4. d5 d6 5. e4 exd5 6. cxd5 g6 7.
Bd3 Bg7 8. Nf3 O-O 9. h3 a6 10. a4 b6 11. O-O Re8 12. Bg5 Nbd7 13. Bf4 Nf8 14. Re1 Nh5 15. Bh2 Qc7 16. e5 dxe5 17.
Be4 f5 18. d6 Qa7 19. Bxa8 Qxa8 20. Nxe5 Bb7 21. Nf3 Rd8 22. Re7 Nd7 23. Qe2 Ndf6 24. Qe6+ Kh8 25. Re1 Ne4 26. Nxe4 Bxe4 27. Ng5 h6 28.
Nf7+ Kh7 29. d7 Bd5 30. Qd6 Bxg2 0

[Event "Open Nuevo Centro. Jornada 2"]
[Site "Chess.com"]
[Date "2020.06.26"]
[Round "9"]
[White "Sverdlik Roldán, Elías"]
[Black "Perrot, Fabien "]
[Result "1-0"]
[WhiteElo "940"]
[BlackElo "977"]
[TimeControl "180+2"]
[EndTime "12:10:31 PDT"]
[Termination "Victoria de Elias903 por tiempo"]

1. e4 e5 2. Nf3 Nc6 3. d3 Nf6 4. Nc3 Bb4 5. Bd2 h6 6. a3 Ba5 7.
Nd5 Bb6 8. Nxf6+ Qxf6 9. Be3 Bxe3 10. fxe3 d6 11. d4 Bg4 12. Be2 Bxf3 13. Bxf3 Qh4+ 14.
g3 Qh3 15. dxe5 dxe5 16. Bg4 Qg2 17. Rf1 Qxe4 18. Bf3 Qxe3+ 19. Qe2 Qxe2+ 20. Bxe2 Nd4 21. Rd1 Nxe2 22. Kxe2 Rd8 23. g4 Rxd1 24. Rxd1 O-O 25. Rd7 Rc8 26. h4 f6 27. g5 hxg5 28. hxg5 Kf8 29.
g6 b6 30. Rf7+ Kg8 31. Ke3 a5 32. Ke4 c6 33. Kf5 Rf8 34. Rc7 c5 35. Rb7 Rf7 36.
gxf7+ 1

[Event "Open Nuevo Centro. Jornada 2"]
[Site "Chess.com"]
[Date "2020.06.26"]
[Round "9"]
[White "Donate Peris, Jose Manuel"]
[Black "Martínez Albelda, Mariela"]
[Result "0-1"]
[WhiteElo "1559"]
[BlackElo "1043"]
[TimeControl "180+2"]
[EndTime "12:10:37 PDT"]
[Termination "Victoria de laranita303 por tiempo"]

1. d4 d5 2. c4 e6 3. Nc3 Nf6 4. Nf3 Nc6 5. e3 Bb4 6. a3 Bxc3+ 7. bxc3 Ne4 8. Qc2 O-O 9. Bd3 Nf6 10. O-O Qe7 11.
c5 e5 12. Bb5 exd4 13. cxd4 a6 14. Bd3 Qe6 15. Ng5 Qg4 16. Nxh7 Nxh7 17. Bxh7+ Kh8 18.
Bd3 Ne7 19. f4 Bf5 20. Bxf5 Qxf5 21. Qxf5 Nxf5 22. g4 Nh4 23. Kf2 Ng6 24. Kg3 Rfe8 25.
h4 Ne7 26. h5 g6 27. hxg6 fxg6 28. Rh1+ Kg7 29. Bd2 Kf6 30. Rh7 g5 31. fxg5+ Kxg5 32. Rah1 Ng6 33. e4+ Kf6 34. exd5 Rh8 35. Rxh8 Rxh8 36.
Rf1+ Kg7 37. Bf4 Nxf4 38. Rxf4 Rd8 39. Rf5 c6 40. d6 Rd7 41. Re5 Kf6 42. g5+ Kg6 0

[Event "Open Nuevo Centro. Jornada 2"]
[Site "Chess.com"]
[Date "2020.06.26"]
[Round "9"]
[White "Casado Andreu, David"]
[Black "Gutierrez Marco, Dario"]
[Result "1-0"]
[WhiteElo "1641"]
[BlackElo "1883"]
[TimeControl "180+2"]
[EndTime "12:10:38 PDT"]
[Termination "Victoria de dave6635 por tiempo"]

1. e4 c5 2. Nf3 e6 3. d4 cxd4 4. Nxd4 Nc6 5. Nc3 Qc7 6. Be2 Nf6 7. Be3 a6 8. O-O Be7 9. Na4 b5 10. Nxc6 Qxc6 11. Nc3 Nxe4 12. Nxe4 Qxe4 13. Bf3 Qg6 14. Bxa8 O-O 15. Bf3 f5 16. Qd2 d5 17. Qe2 f4 18.
Bh5 Qg5 19. Bd2 e5 20. g3 g6 21. Bf3 e4 22. Bh1 Bc5 23. b4 Ba7 24. h4 Qe5 25. Bxf4 Rxf4 26. gxf4 Qxf4 27. Bg2 Bb8 28. Rfd1 Bg4 29. f3 Qh2+ 30. Kf1 exf3 31. Bxf3 Bh3+ 32. Ke1 Qg1+ 33. Kd2 1

[Event "Open Nuevo Centro. Jornada 2"]
[Site "Chess.com"]
[Date "2020.06.26"]
[Round "9"]
[White "Valverde Caballero, Rafael"]
[Black "Donate Moreno, Silvia"]
[Result "0-1"]
[WhiteElo "1871"]
[BlackElo "1801"]
[TimeControl "180+2"]
[EndTime "12:10:43 PDT"]
[Termination "Victoria de 2camarones por tiempo"]

1. c4 g6 2. Nc3 Bg7 3. e4 d6 4. d4 Nf6 5. Be2 O-O 6. g4 e5 7. d5 a5 8. h4 Nfd7 9. h5 Re8 10. hxg6 fxg6 11. Bh6 Bh8 12. Qd2 Nc5 13. Nh3 Nbd7 14. Ng5 Nf6 15. f3 Qe7 16. Nh3 c6 17. Bg5 Qc7 18. O-O-O a4 19. Kb1 Rd8 20. Rh2 Bg7 21. Rdh1 a3 22. b3 Rd7 23. Bh6 Bh8 24. Bg5 Rf7 25. Be3 Na6 26. Ng5 Rg7 27. Nh3 Nb4 28. Bg5 Rf7 29. Bxf6 Bxf6 30. Ng5 Rg7 31. dxc6 bxc6 32.
Nh3 Be6 33. Qh6 Na6 0

[Event "Open Nuevo Centro. Jornada 2"]
[Site "Chess.com"]
[Date "2020.06.26"]
[Round "9"]
[White "Garcia, Jhoel"]
[Black "Randazzo, Adrián"]
[Result "0-1"]
[WhiteElo "2294"]
[BlackElo "2475"]
[TimeControl "180+2"]
[EndTime "12:10:45 PDT"]
[Termination "Victoria de Nikithebest por tiempo"]

1. d4 Nf6 2. c4 c5 3. d5 b5 4. Nf3 g6 5. Nc3 b4 6. Nb1 d6 7.
b3 Bg7 8. Bb2 O-O 9. Nbd2 e6 10.
e4 exd5 11. exd5 Re8+ 12. Be2 Nxd5 13. Bxg7 Nf4 14. Bb2 Rxe2+ 15. Qxe2 Nxe2 16. Kxe2 d5 17. Rhe1 Nc6 18. Kf1 d4 19. Ne4 Bg4 20. Nfd2 Bf5 21. Nxc5 Qd6 22. Nce4 Bxe4 23. Nxe4 Qxh2 24. Ng3 h5 25.
Ne2 Re8 26. Ng1 Re6 27. Rad1 g5 28. Rxe6 fxe6 29. Nf3 Qf4 30. Nxd4 Qd6 31. Ke2 Qe5+ 32. Kf1 Nxd4 33. Rxd4 Qf5 34. Rd8+ Kf7 35. Rd7+ Kg6 36.
Rd2 Qb1+ 37. Ke2 Qxa2 38. c5 Qxb3 39. Bd4 Qc4+ 40. Ke1 a5 0

[Event "Open Nuevo Centro. Jornada 2"]
[Site "Chess.com"]
[Date "2020.06.26"]
[Round "9"]
[White "Martínez Carvajal, Juan Francisco"]
[Black "Beneyto de Ramon, Guillermo"]
[Result "0-1"]
[WhiteElo "1712"]
[BlackElo "1515"]
[TimeControl "180+2"]
[EndTime "12:11:02 PDT"]
[Termination "Victoria de GUILLETE por tiempo"]

1. Nf3 d5 2. c4 e6 3. b3 Nf6 4. g3 Bc5 5. Bg2 c6 6. O-O O-O 7. d4 Bb4 8. Bd2 Bxd2 9. Nbxd2 dxc4 10. bxc4 c5 11. e3 cxd4 12. exd4 Nc6 13. Nb3 Bd7 14. Ne5 h6 15. Nc5 b6 16. Ncxd7 Nxd7 17. Nxc6 Qe8 18.
Re1 Nf6 19. d5 Qd7 20. dxe6 Qxd1 21. exf7+ Rxf7 22. Raxd1 Raf8 23. Ne5 Rc7 24. Ng6 Rb8 25. Ne7+ Kf7 26. Nd5 Rxc4 27. Nxf6 Kxf6 28. Rd7 Ra4 29. Bd5 g5 30. Re6+ Kf5 31. Rf7+ Kg4 32. Bf3+ Kh3 33. Rxh6+ Rh4 34. Bg2+ Kg4 0

[Event "Open Nuevo Centro. Jornada 2"]
[Site "Chess.com"]
[Date "2020.06.26"]
[Round "9"]
[White "Donate Moreno, David"]
[Black "Cayon Pelaez, Pablo"]
[Result "1-0"]
[WhiteElo "1541"]
[BlackElo "1672"]
[TimeControl "180+2"]
[EndTime "12:11:03 PDT"]
[Termination "Victoria de sylar48 por tiempo"]

1. e4 e5 2. Nf3 Nc6 3. Bc4 Bc5 4. c3 Nf6 5. d4 exd4 6. O-O dxc3 7. e5 d5 8. Bb3 Ng4 9. Bxd5 O-O 10. Nxc3 Ngxe5 11.
Nxe5 Nxe5 12. Bf4 Ng6 13. Bg3 c6 14. Bb3 Bf5 15. Qxd8 Raxd8 16. Rad1 Bg4 17. Rxd8 Rxd8 18. Ne4 Bb6 19. Ng5 Rd7 20. Nxf7 Rxf7 21. Re1 Kf8 22. Bd6+ Re7 23. Re4 Bf5 24. Rf4 Ke8 25. Bxe7 Nxe7 26.
g4 Bg6 27. h4 Nd5 28. Bxd5 cxd5 29. h5 Bf7 30. Kg2 Be6 31. g5 Ke7 32. Rh4 Bc5 33.
f4 Bf5 34. Kg3 Bb4 35. Rh1 Bd6 36. Re1+ Be4 37. Kg4 1

[Event "Open Nuevo Centro. Jornada 2"]
[Site "Chess.com"]
[Date "2020.06.26"]
[Round "9"]
[White "Campos Gambuti, Luis María"]
[Black "Gil López, Alejandro"]
[Result "0-1"]
[WhiteElo "2404"]
[BlackElo "2128"]
[TimeControl "180+2"]
[EndTime "12:11:06 PDT"]
[Termination "Victoria de AglVal0313 por tiempo"]

1. d4 e5 2. dxe5 d6 3. Nf3 Nc6 4. Bf4 Bg4 5. Nbd2 dxe5 6. Nxe5 Nxe5 7. Bxe5 Qe7 8. Bg3 O-O-O 9. c3 h5 10. Qa4 Qd7 11.
Qxd7+ Rxd7 12. h3 Be6 13. e3 h4 14. Bh2 Nf6 15. Bc4 Bxc4 16. Nxc4 Be7 17. Ke2 Rhd8 18.
Rhd1 Rxd1 19. Rxd1 Rxd1 20. Kxd1 Ne4 21. Ke2 f6 22.
Nd2 Nc5 23. b3 c6 24. e4 Kd7 25. Bf4 a5 26. Be3 Ne6 27. a4 b5 28. Kd3 g5 29. c4 b4 30. e5 f5 31. g3 g4 32.
hxg4 h3 33. Nf1 fxg4 34. Ke4 Ng5+ 35. Kf5 Nf3 36. Kxg4 h2 37. Nxh2 Nxh2+ 38. Kf5 Nf1 0

[Event "Open Nuevo Centro. Jornada 2"]
[Site "Chess.com"]
[Date "2020.06.26"]
[Round "9"]
[White "García Oviedo, Alejandro"]
[Black "Albuixech Sanz, Jorge"]
[Result "0-1"]
[WhiteElo "1873"]
[BlackElo "1742"]
[TimeControl "180+2"]
[EndTime "12:11:23 PDT"]
[Termination "Victoria de Gamyi2 por tiempo"]

1. Nf3 Nf6 2. d4 g6 3. g3 Bg7 4. Bg2 d6 5. O-O O-O 6. c4 Nc6 7. Nc3 e5 8. d5 Nb8 9. e4 a5 10.
Be3 Na6 11. Nd2 Nc5 12. Na4 Nxa4 13. Qxa4 Bd7 14. Qc2 Ng4 15. Rac1 Nxe3 16. fxe3 Qg5 17. Qd3 f5 18. exf5 gxf5 19. e4 f4 20. c5 fxg3 21. hxg3 Bh6 22. Nf3 Qe3+ 23. Qxe3 Bxe3+ 24. Kh2 Bxc1 25. Rxc1 Bg4 26. Rc3 Bxf3 27. Bxf3 dxc5 28. Kg2 b6 29. Bg4 Rf6 30. Bf5 Raf8 31. g4 h5 32. Rg3 hxg4 33. Rxg4+ Kf7 34. Rh4 Rg8+ 35. Kf2 Rg7 36. Rh8 Rxf5+ 37. exf5 Kf6 38. Rf8+ Rf7 39. Rd8 Kxf5 40. Ke3 Kf6 41. Rc8 Kg5 0

[Event "Open Nuevo Centro. Jornada 2"]
[Site "Chess.com"]
[Date "2020.06.26"]
[Round "9"]
[White "Marín Corresa, Arturo"]
[Black "Lloret Ramis, Juan José"]
[Result "1-0"]
[WhiteElo "2197"]
[BlackElo "1984"]
[TimeControl "180+2"]
[EndTime "12:11:24 PDT"]
[Termination "Victoria de Estivella por tiempo"]

1. e4 e6 2. d4 d5 3. e5 c5 4. c3 Nc6 5. Nf3 Bd7 6. a3 f6 7. Be2 Qc7 8. Bf4 g5 9. Bg3 g4 10. exf6 Qb6 11. f7+ Kxf7 12. Ne5+ Nxe5 13. Bxe5 Bg7 14.
Bxg7 Kxg7 15. b4 cxd4 16. cxd4 Nf6 17. O-O Bb5 18. Nc3 Bxe2 19. Qxe2 Qxd4 20. Nb5 Qf4 21.
Rfe1 Ne4 22. f3 gxf3 23. gxf3 Ng5 24. Rf1 Rhg8 25. Kh1 Raf8 26. Rae1 Kh8 27. Qb2+ Qf6 28. Qxf6+ Rxf6 29. f4 Ne4 30. Nxa7 Rgf8 31. Nb5 Rxf4 32. Rxf4 Rxf4 33. Nc7 Rg4 34. h3 Rg3 35. Kh2 Rxa3 36.
Nxe6 Rb3 37. Nf4 Rxb4 38. Nxd5 Rb2+ 39. Kg1 Nf2 40. Re7 1

[Event "Open Nuevo Centro. Jornada 2"]
[Site "Chess.com"]
[Date "2020.06.26"]
[Round "9"]
[White "Méndez Giménez , Néstor Emmanuel"]
[Black "Hassomal Daswani, Birjkumar"]
[Result "0-1"]
[WhiteElo "1141"]
[BlackElo "1823"]
[TimeControl "180+2"]
[EndTime "12:11:40 PDT"]
[Termination "Victoria de daz000007 por tiempo"]

1. e4 c5 2. Nf3 e6 3. d4 cxd4 4.
Bd3 Nc6 5. e5 Nxe5 6. Nxe5 Qa5+ 7. Bd2 Qxe5+ 8. Be2 Nf6 9. O-O Bd6 10. g3 Qc5 11. c3 O-O 12. b4 Qb6 13. Bg5 Be7 14. Qd3 dxc3 15. Nxc3 d5 16. Bxf6 Bxf6 17. Bd1 Bd7 18. Bc2 g6 19. h4 Qxb4 20. h5 Qxc3 21. hxg6 Qxd3 22. Bxd3 Bxa1 23. gxh7+ Kg7 24. Rxa1 e5 25.
f3 Bc6 26. Kf2 e4 27. fxe4 dxe4 28. Bc4 Rh8 29. Rf1 Rxh7 30. Ke3 Kf8 31. g4 Rd8 32. g5 Rh3+ 33. Ke2 a6 34. Rxf7+ Ke8 35. g6 Rc3 36. g7 Rg3 37. Rf8+ Ke7 38. g8=Q Rxg8 39. Rxg8 Rxg8 40. Bxg8 Kd6 41. Ke3 Bd5 0